 Dungeon Crawl Stone Soup version 0.13-a0-2450-ga447c6a (webtiles) character file.

112 JogiH the Magician (level 3, -7/29 HPs)
             Began as a Djinni Wizard on July 17, 2013.
             Killed from afar by Ijyb (18 damage)
             ... with a wand of frost
             ... on Level 2 of the Dungeon.
             The game lasted 00:06:47 (2285 turns).

JogiH the Magician (Djinni Wizard)                  Turns: 2285, Time: 00:06:47

HP  -7/29        AC  3     Str  7      XL: 3   Next: 46%
MP   0/0         EV 12     Int 19      God:
Gold 66          SH  0     Dex 11      Spells:  5 memorised,  0 levels left

Res.Fire  : + + +   See Invis. : .   q - +1,+3 dwarf short sword
Res.Cold  : x . .   Warding    : .   a - +0 robe
Life Prot.: + + +   Conserve   : .   (no shield)
Res.Poison: .       Res.Corr.  : .   b - +0 wizard hat
Res.Elec. : .       Clarity    : .   r - +0 elf cloak
Sust.Abil.: . .     Spirit.Shd : .   (no gloves)
Res.Mut.  : .       Stasis     : .   (boots unavailable)
Res.Rott. : .       Flight     : .   (no amulet)
Saprovore : . . .                    (no ring)
                                     (no ring)

@: not resistant to hostile enchantments, fairly stealthy
A: no striking features
a: no special abilities


You were on level 2 of the Dungeon.
You were not hungry.

You visited 1 branch of the dungeon, and saw 2 of its levels.

You collected 46 gold pieces.

Inventory:

Hand weapons
 q - a +1,+3 dwarven short sword (weapon)
Armour
 a - a +0 robe (worn)
 b - a +0 wizard hat (worn)
 h - a +0 shield
 r - a +0 elven cloak (worn)
Scrolls
 d - a scroll of remove curse {unknown}
 f - 2 scrolls of teleportation {unknown}
 g - a scroll of magic mapping {unknown}
 j - a scroll of recharging {unknown}
 k - 4 scrolls of identify {unknown}
 n - a scroll of blinking {unknown}
 o - a scroll of noise {unknown}
Potions
 e - 3 potions of heal wounds {unknown}
 i - 2 potions of curing {unknown}
 l - a potion of flight {unknown}
 m - a potion of might {unknown}
 p - a potion of restore abilities {unknown}
Books
 c - a book of Minor Magic

   Spells                             Type                      Level
   *Magic Dart                        Conjuration                  1
   *Blink                             Translocation                2
   *Call Imp                          Summoning                    2
   Repel Missiles                     Charms/Air                   2
   Slow                               Hexes                        2
   *Conjure Flame                     Conjuration/Fire             3
   *Mephitic Cloud                    Conjuration/Poison/Air       3


   Skills:
 - Level 1.7 Dodging
 - Level 1.5 Stealth
 + Level 4.6 Spellcasting
 * Level 2.5 Conjurations
 + Level 1.0 Summonings
 + Level 1.0 Translocations


You couldn't memorise any spells.
You knew the following spells:

 Your Spells              Type           Power        Failure   Level  Hunger
a - Magic Dart            Conj           ##..         6%          1    None
b - Blink                 Tloc           N/A          14%         2    #......
c - Call Imp              Summ           #.........   14%         2    #......
d - Conjure Flame         Conj/Fire      #.......     28%         3    ###....
e - Mephitic Cloud        Conj/Pois/Air  #.......     34%         3    ###....


Dungeon Overview and Level Annotations

Branches:
Dungeon (2/27)

Altars:

Annotations
D:2 Ijyb


Message History

You start resting.
EP restored.
Found 11 arrows of flame.
Found an escape hatch in the ceiling.
Ijyb comes into view.
Found a bread ration.
Casting: Magic Dart
Confirm with . or Enter, or press ? or * to list all spells.
You miscast Call Imp.
Nothing appears to happen.
Ijyb zaps a wand.
The puff of frost misses you.
Casting: Call Imp
Confirm with . or Enter, or press ? or * to list all spells.
A beastly little devil appears in a puff of frigid air.
Ijyb zaps a wand.
The puff of frost hits you!
You feel a terrible chill!
Your white imp barely misses Ijyb.
Ijyb zaps a wand.
The puff of frost hits you!
You feel a terrible chill!
Your white imp hits Ijyb but does no damage.
Ijyb zaps a wand.
The puff of frost hits you!
You feel a terrible chill!
One of your 2 yellow potions freezes and shatters!
Ouch! That really hurt!
You die...

.## ... ..( .
#.# ... # #.#
.#.% #. #.#
.....
#.####.####...#
#........g5.#
###.@......##
#.##.###..#
#.##.# ....#
#.##.# ...##
#.##<# ...#
#.##.. ...#
#.#### ...#####
#.# . .....
#.## ...#


You could see Ijyb and a friendly white imp.

Vanquished Creatures
  6 goblins (D:1)
  5 hobgoblins (D:1)
  A ball python (D:1)
  3 bats (D:1)
  3 giant newts
  7 kobolds
  4 rats (D:1)
29 creatures vanquished.

Vanquished Creatures (collateral kills)
  A gnoll (D:1)
  2 adders (D:2)
  A bat (D:1)
  A goblin (D:1)
  A rat (D:1)
6 creatures vanquished.

Grand Total: 35 creatures vanquished

Notes
Turn   | Place    | Note
--------------------------------------------------------------
     0 | D:1      | JogiH, the Djinni Wizard, began the quest for the Orb.
     0 | D:1      | Reached XP level 1. HP: 14/14 MP: 0/0
   250 | D:1      | Reached skill level 4 in Spellcasting
   347 | D:1      | Reached XP level 2. EP: 23/23
   386 | D:1      | Learned a level 2 spell: Blink
   389 | D:1      | Learned a level 2 spell: Call Imp
  1237 | D:1      | Reached XP level 3. EP: 20/29
  1366 | D:1      | Learned a level 3 spell: Conjure Flame
  1370 | D:1      | Learned a level 3 spell: Mephitic Cloud
  2275 | D:2      | Noticed Ijyb
  2285 | D:2      | Killed from afar by Ijyb

Action                   || total
-------------------------++-------
Melee: Unarmed           ||     3
       Short sword       ||     5
 Cast: Magic Dart        ||    74
       Call Imp          ||     6
